 Dungeon Crawl Stone Soup version 0.22-a0-848-ge9e22a0 (webtiles) character file.

41 Leszczynek the Cutter (level 3, -2/22 HPs)
             Began as a Deep Elf Monk on July 26, 2018.
             Was a Believer of Elyvilon.
             Slain by an orc
             ... wielding a +0 whip
              (3 damage)
             ... on level 4 of the Dungeon.
             The game lasted 00:06:12 (882 turns).

Leszczynek the Cutter (Deep Elf Monk)                Turns: 882, Time: 00:06:12

Health: -2/22      AC:  3    Str:  8    XL:     3   Next: 32%
Magic:  1/5        EV: 14    Int: 15    God:    Elyvilon [**....]
Gold:   114        SH:  0    Dex: 17    Spells: 2/2 levels left

rFire    . . .     SeeInvis .   b - +2 hunting sling
rCold    . . .     Gourm    .   (no shield)
rNeg     . . .     Faith    .   j - +0 robe
rPois    .         Spirit   .   (no helmet)
rElec    .         Reflect  .   (no cloak)
rCorr    .         Harm     .   e - +0 pair of gloves
MR       .....                  (no boots)
Stlth    ++........             (no amulet)
HPRegen  0.07/turn              (no ring)
MPRegen  0.09/turn              (no ring)

@: no status effects
A: no striking features
a: Lesser Healing, Heal Other, Divine Protection, Renounce Religion


You were on level 4 of the Dungeon.
You worshipped Elyvilon.
Elyvilon was pleased with you.
You were hungry.

You visited 1 branch of the dungeon, and saw 4 of its levels.

You collected 114 gold pieces.

Inventory:

Hand Weapons
 a - a +0 short sword
 b - a +2 hunting sling (weapon)
 f - a +1 hand axe of freezing
Missiles
 g - 58 stones (quivered)
Armour
 e - a +0 pair of gloves (worn)
 j - a +0 robe (worn)
Scrolls
 c - a scroll of noise {!r}
 k - 3 scrolls of remove curse {@r2}
Comestibles
 d - a ration


   Skills:
 + Level 2.7 Fighting
 - Level 3.9 Short Blades
 - Level 3.6 Dodging
 - Level 2.4 Stealth
 + Level 1.1 Invocations


You had 2 spell levels left.
You didn't know any spells.
Your spell library was empty.

Dungeon Overview and Level Annotations

Branches:
Dungeon (4/15)
 Temple: D:4-7

Altars:
Elyvilon

Annotations:
D:2 Jessica


Message History

The orc misses you.
Unknown command.
Firing (i - inventory)
g - 60 stones (quivered)
Press: ? - help, Shift-Dir - straight line, f/p - adder
Aim: an adder You shoot a stone.
The stone hits the orc but does no damage.
The orc is severely wounded.
Something hits you but does no damage.
The orc wizard gestures at you while chanting.
The orc hits you with a whip.
* * * LOW HITPOINT WARNING * * *
Something hits you.
* * * LOW HITPOINT WARNING * * *
Firing (i - inventory)
g - 59 stones (quivered)
Press: ? - help, Shift-Dir - straight line, f/p - adder
Aim: an adder You shoot a stone.
The stone misses the adder.
The adder closely misses you. Something hits you but does no damage.
The orc hits you with a whip.
You die...

#.#######
#(....(@#
......†oS#
.....o(..#
....(....#
.........#
.........#
....)....#
##......(#


You could see an orc wizard, an adder and an orc.

Vanquished Creatures
  An adder (D:4)
  4 orcs
  A ball python (D:1)
  4 goblins
  2 hobgoblins (D:2)
  3 kobolds
  2 quokkas (D:3)
  4 bats (D:1)
  2 frilled lizards
  3 rats (D:1)
26 creatures vanquished.

Notes
Turn   | Place    | Note
-------+----------+-------------------------------------------
     0 | D:1      | Leszczynek the Deep Elf Monk began the quest for the Orb.
     0 | D:1      | Reached XP level 1. HP: 13/13 MP: 3/3
    96 | D:2      | Noticed Jessica
   249 | D:1      | Reached XP level 2. HP: 16/18 MP: 4/4
   330 | D:2      | Found a white marble altar of Elyvilon.
   346 | D:2      | Became a worshipper of Elyvilon the Healer
   346 | D:2      | Reached * piety under Elyvilon
   346 | D:2      | Reached ** piety under Elyvilon
   503 | D:3      | HP: 3/18 [orc/hand axe of freezing (2)]
   568 | D:3      | HP: 3/18 [quokka (5)]
   571 | D:3      | HP: 1/18 [quokka (1)]
   580 | D:3      | HP: 2/18 [quokka (4)]
   864 | D:4      | Reached XP level 3. HP: 5/22 MP: 5/5
   864 | D:4      | HP: 3/22 [orc/short sword (2)]
   872 | D:4      | Reached skill level 1 in Invocations
   880 | D:4      | I WILL TAKE AS MANY OF YOU WITH ME AS I CAN
   881 | D:4      | HP: 3/22 [orc/whip (5)]
   881 | D:4      | HP: 1/22 [something (2)]
   882 | D:4      | Slain by an orc

Vault maps used:
D:1:      onia_arrival_pyramid
D:2:      elyvilon_altar_3, uniq_jessica
D:3:      nemelex_spade_bored_becter, uniq_terence
D:4:      first_ration, gammafunk_ghost_stat_death

Skill      XL: |  1  2  3 |
---------------+----------+-----
Invocations    | 1 |  1.1
Fighting       | |  2.7
Short Blades   | |  3.9
Dodging        | |  3.6
Stealth        | |  2.4

Action                   || total
-------------------------++-------
Melee: Short sword       ||    61
       Hand axe          ||    13
 Fire: Hunting sling     ||    23
Throw: Stone             ||     2
Invok: Lesser Healing    ||     9
  Use: Scroll            ||     5
       Potion            ||     2
 Stab: Sleeping          ||     1
  Eat: Chunk             ||     1
Armor: Robe              ||    19
Dodge: Dodged            ||    91

Table legend:
 A = Spawn XP
 B = Non-spawn XP
 C = Spawn XP percentage of total XP
 D = Spawn monster count
 E = Non-spawn monster count
 F = Spawn count percentage of total count
 G = Total turns spent on level
                    A         B        C        D         E        F      G
               +---------+---------+-------+---------+---------+-------+---------
         Total |       0 |      59 |   0.0 |       0 |      26 |   0.0 |   882
               +---------+---------+-------+---------+---------+-------+---------
           D:1 |       0 |      14 |   0.0 |       0 |      10 |   0.0 |   241
           D:2 |       0 |      12 |   0.0 |       0 |       6 |   0.0 |   282
           D:3 |       0 |      11 |   0.0 |       0 |       6 |   0.0 |   337
           D:4 |       0 |      22 |   0.0 |       0 |       4 |   0.0 |    22
               +---------+---------+-------+---------+---------+-------+---------
